 Dungeon Crawl Stone Soup version 0.23.2-1-ga50397a (webtiles) character file.

Game seed: 6478671005776855190

60 Kairos the Shield-Bearer (level 4, 37/37 HPs)
             Began as a Formicid Fighter on Apr 17, 2019.
             Quit the game on level 2 of the Dungeon.
             The game lasted 00:01:24 (967 turns).

Kairos the Shield-Bearer (Formicid Fighter)          Turns: 967, Time: 00:01:25

Health: 37/37      AC:  9    Str: 22    XL:     4   Next: 25%
Magic:  4/4        EV:  8    Int:  7    God:
Gold:   95         SH:  9    Dex: 10    Spells: 3/3 levels left

rFire    . . .     SeeInvis +   a - +0 quarterstaff
rCold    . . .     Gourm    .   c - +0 shield
rNeg     . . .     Faith    .   b - +2 scale mail
rPois    .         Spirit   .   (helmet unavailable)
rElec    .         Reflect  .   (no cloak)
rCorr    .         Harm     .   (no gloves)
MR       .....                  (no boots)
Stlth    ..........             l - amulet of the acrobat (curse)
HPRegen  0.12/turn              m - ring of see invisible
MPRegen  0.09/turn              (no ring)

@: no status effects
A: permanent stasis, dig shafts and tunnels, four strong arms, antennae 3
a: Dig, Shaft Self


You were on level 2 of the Dungeon.
You were not hungry.

You visited 1 branch of the dungeon, and saw 2 of its levels.

You collected 95 gold pieces.

Inventory:

Hand Weapons
 a - a +0 quarterstaff (weapon)
Armour
 b - a +2 scale mail (worn)
 c - a +0 shield (worn)
Jewellery
 l - a cursed amulet of the acrobat (around neck)
 m - a ring of see invisible (left hand)
Scrolls
 g - a scroll of fear {unknown}
 h - a scroll of identify
 j - 2 scrolls of random uselessness
 n - a scroll of magic mapping {unknown}
Potions
 d - a potion of might
 e - a potion of degeneration {unknown}
 i - a potion of ambrosia
 k - a potion of resistance
Comestibles
 f - 3 rations


   Skills:
 + Level 3.7 Fighting
 + Level 2.8 Staves
 + Level 3.9 Armour
 + Level 0.3 Dodging
 + Level 4.1 Shields


You had 3 spell levels left.
You didn't know any spells.
Your spell library was empty.

Dungeon Overview and Level Annotations

Branches:
Dungeon (2/15)

Altars:


Innate Abilities, Weirdness & Mutations

You cannot be hasted, slowed, berserked, paralysed or teleported.
You can dig through walls and to a lower floor.
Your four strong arms can wield two-handed weapons with a shield.
You have a pair of large antennae on your head. (SInv)


Message History

The adder hisses angrily.
An adder is nearby!
A kobold comes into view. It is wielding a +0 whip.
The kobold shouts!
You thump the adder!
The adder is severely wounded.
You block the adder's attack. x2
You miss the adder.
The adder is severely wounded.
You block the adder's attack. The adder bites you but does no damage.
You sock the adder!
You kill the adder!
Your Shields skill increases to level 4!
The kobold throws a stone.
The stone barely misses you.
You barely miss the kobold. The kobold barely misses you.
You hit the kobold.
You kill the kobold!
No target in view!
No target in view!
Are you sure you want to abandon this character and quit the game? (Confirm with "yes".)

####### ......# ......#
......# .
......##############...#
............(...@)......
......#################.{
......# ......###
.###....######### #######
.............>..#####......
##########..###.).......##
. ##..######.###..#### #.
##.............#..#


There were no monsters in sight!

Vanquished Creatures
  2 adders (D:2)
  2 worms (D:2)
  A dart slug (D:1)
  A leopard gecko (D:1)
  A giant cockroach (D:1)
  4 goblins
  6 hobgoblins
  3 kobolds
  A quokka (D:2)
  A ball python (D:1)
  4 bats
  6 frilled lizards (D:1)
  2 rats
34 creatures vanquished.

Notes
Turn   | Place    | Note
-------+----------+-------------------------------------------
     0 | D:1      | Kairos the Formicid Fighter began the quest for the Orb.
     0 | D:1      | Reached XP level 1. HP: 18/18 MP: 1/1
   190 | D:1      | Reached XP level 2. HP: 20/24 MP: 2/2
   668 | D:1      | Reached XP level 3. HP: 29/30 MP: 3/3
   900 | D:2      | Reached XP level 4. HP: 36/37 MP: 4/4
   963 | D:2      | Reached skill level 4 in Shields
   967 | D:2      | Quit the game

Skill      XL: |  1  2  3  4 |
---------------+-------------+-----
Shields        | 4 |  4.1
Fighting       | |  3.7
Staves         | |  2.8
Armour         | |  3.9
Dodging        | |  0.3

Action                   |  1- 3 |  4- 6 || total
-------------------------+-------+-------++-------
Melee: Quarterstaff      |    97 |     7 ||   104
  Use: Scroll            |     6 |       ||     6
Armor: Scale mail        |    39 |     2 ||    41
Dodge: Dodged            |    34 |     2 ||    36
Block: Shield            |    44 |     3 ||    47
